 Dungeon Crawl Stone Soup version 0.20.0 (webtiles) character file.

10395 BarneyGumball the Severer (level 11, -6/88 HPs)
             Began as a Deep Dwarf Fighter on May 27, 2017.
             Was a Believer of Makhleb.
             Mangled by a two-headed ogre
             ... wielding a cursed +0 giant club
              (22 damage)
             ... on level 10 of the Dungeon on May 28, 2017.
             The game lasted 00:46:13 (7600 turns).

BarneyGumball the Severer (Deep Dwarf Fighter)      Turns: 7600, Time: 00:46:13

Health: -6/88      AC: 12    Str: 21    XL:     11   Next: 35%
Magic:  1/1        EV: 11    Int:  8    God:    Makhleb [**....]
Gold:   491        SH:  9    Dex: 12    Spells: 10/10 levels left

rFire    + . .     SeeInvis .   a - +1 war axe
rCold    + . .     Gourm    .   c - +0 shield
rNeg     + . .     Faith    .   p - +3 ring mail {rN+}
rPois    .         Spirit   .   y - +1 helmet
rElec    .         Reflect  .   C - scarf {rC+ rF+}
rCorr    .         Harm     .   (no gloves)
MR       +....                  (no boots)
Stlth    +.........             (no amulet)
Regen    0.0/turn               I - +2 ring of slaying
MPRegen  0.1/turn               d - ring of Deoph {Str-3 Slay+6} (curse)

@: non-regenerating, drained
A: damage resistance, heal wounds, sense surroundings 2, no regeneration
a: Heal Wounds, Minor Destruction, Renounce Religion


You were on level 10 of the Dungeon.
You worshipped Makhleb.
Makhleb was pleased with you.
You were not hungry.

You visited 2 branches of the dungeon, and saw 11 of its levels.
You also visited: Sewer.

You collected 491 gold pieces.

Inventory:

Hand Weapons
 a - a +1 war axe (weapon)
 t - the +5 battleaxe "Eddixo" {pain, -Tele rN++ Str+2, unknown}
   (You found it on level 5 of the Dungeon)

   In the hands of one skilled in necromantic magic, it inflicts extra damage on
   living creatures.
   It affects your strength (+2).
   It greatly protects you from negative energy.
   It prevents most forms of teleportation.
Armour
 b - a +0 scale mail
 c - a +0 shield (worn)
 p - a +3 ring mail of positive energy (worn)
 y - a +1 helmet (worn)
 C - a scarf of resistance (worn)
 H - +0 storm dragon scales
Jewellery
 d - the cursed ring of Deoph (right hand) {Str-3 Slay+6}
   (You found it on level 9 of the Dungeon)

   [ring of strength]

   It affects your strength (-3).
   It affects your accuracy and damage with ranged weapons and melee attacks
   (+6).
   It has a curse placed upon it.
 o - an uncursed ring of poison resistance
 G - the ring "Sathruli" {rF+ Int+3 Dex+2}
   (You found it on level 8 of the Dungeon)

   [ring of dexterity]

   It affects your intelligence (+3).
   It affects your dexterity (+2).
   It protects you from fire.
 I - a +2 ring of slaying (left hand)
Wands
 k - a wand of polymorph (11/24)
 z - a wand of iceblast (10/15)
 A - a wand of random effects (43/48)
 E - a wand of lightning (7/15)
Scrolls
 m - 5 scrolls of teleportation
 r - 3 scrolls of amnesia
 u - a scroll of remove curse
 B - 2 scrolls of fog
 F - 2 scrolls of identify
 J - a scroll of enchant armour
Potions
 e - 5 potions of lignification
 h - 5 potions of curing
 i - 2 potions of brilliance
 j - 2 potions of cancellation
 q - 3 potions of flight
 s - a potion of magic {unknown}
 v - a potion of mutation {unknown}
 w - 3 potions of haste
 x - 2 potions of agility {unknown}
Books
 n - a book of Minor Magic

   Spells                             Type                      Level
   a - Magic Dart                     Conjuration                  1
   b - Blink                          Translocation                2
   c - Call Imp                       Summoning                    2
   d - Slow                           Hexes                        2
   e - Conjure Flame                  Conjuration/Fire             3
   f - Mephitic Cloud                 Conjuration/Poison/Air       3
 L - a book of Burglary

   Spells                             Type                      Level
   a - Swiftness                      Charms/Air                   2
   b - Passwall                       Transmutation/Earth          2
   c - Passage of Golubria            Translocation                4
   d - Lee's Rapid Deconstruction     Earth                        5
   e - Darkness                       Hexes                        6
   f - Invisibility                   Hexes                        6
Comestibles
 f - 6 bread rations
 g - 6 meat rations
 l - 3 chunks of flesh
 D - 4 royal jellies


   Skills:
 - Level 2.6(2.5) Fighting
 * Level 16.2(16.0) Axes
 - Level 7.9(7.7) Armour
 - Level 6.2(6.1) Dodging
 - Level 3.2(3.1) Shields


You had 10 spell levels left.
You didn't know any spells.

Dungeon Overview and Level Annotations

Branches:
Dungeon (10/15)            Temple (1/1) D:4             Orc (0/2) D:10
   Lair: D:8-11

Altars:
Ashenzari
Cheibriados
Dithmenos
Elyvilon
Fedhas
Gozag
Hepliaklqana
Kikubaaqudgha
Makhleb
Nemelex Xobeh
Okawaru
Qazlal
Ru
Sif Muna
Trog
Uskayaw
Vehumet
Xom
Yredelemnul
Zin
The Shining One

Shops:
D:8 [


Innate Abilities, Weirdness & Mutations

You are resistant to damage.
You can heal yourself by infusing magical energy.
You passively map the area around you.
You do not regenerate.


Message History

The two-headed ogre shouts in stereo!
Found 9 gold pieces.
You slash the two-headed ogre!
The two-headed ogre is moderately wounded.
The two-headed ogre hits you with a giant club!!
The two-headed ogre closely misses you.
Your shield and ring mail prevent you from hitting the two-headed ogre.
The two-headed ogre is moderately wounded.
You slice the two-headed ogre!!
The two-headed ogre is severely wounded.
You block the two-headed ogre's attack.
The two-headed ogre hits you with a giant spiked club!
You hit the two-headed ogre.
The two-headed ogre is severely wounded.
You closely miss the two-headed ogre.
The two-headed ogre is severely wounded.
The two-headed ogre hits you with a giant club!!
* * * LOW HITPOINT WARNING * * *
The two-headed ogre hits you with a giant spiked club!!
You die...

#.......#...# #.#........
#.......#...# *#.#.....<..
#.......#..... , ,..#.....)..
#.......#....... ..+........
#.......#....... ...#........
#.......+......., , #........
#.......#....... , ,#........
#.......###+##########....)...
#............@O...............
#.......#######............?..
#.......#.....#...............
#.......#.....#.............##
#.......#.....#...(........
#.......#....)#............ *
#.......#.....#............
#.......#.†...#.....>.....$
####....###'###............


You could see a two-headed ogre.

Vanquished Creatures
  3 two-headed ogres
  A centaur warrior (D:9)
  The ghost of Caerwyn the Martial Artist, a novice DsTm of Okawaru (D:9)
  A flayed ghost (D:9)
  A deep elf archer (D:9)
  A manticore (D:9)
  2 trolls (D:9)
  Grinder (D:4)
  5 hippogriffs
  Menkaure (D:6)
  3 sky beasts
  Purgy (Sewer)
  3 orc warriors
  4 ice beasts
  3 phantoms
  8 ogres
  A black bear (D:8)
  A necrophage (D:6)
  A centaur (D:7)
  A big kobold (D:8)
  3 bullfrogs
  Blork the orc (D:4)
  4 wights (D:10)
  A vampire bat (D:3)
  7 crimson imps
  6 hounds
  4 jellies
  A gnoll shaman (D:4)
  5 orc priests
  2 centaur skeletons
  3 iguanas
  Ijyb (D:5)
  5 orc wizards
  7 worker ants
  A hound zombie (D:8)
  6 gnolls
  A howler monkey skeleton (D:8)
  7 adders
  2 shadow imps
  3 oozes
  An adder skeleton (D:4)
  An adder zombie (D:6)
  4 worms
  3 dart slugs
  3 fire bats (D:3)
  3 leopard geckos
  38 orcs
  2 spectral bats (D:3)
  3 ball pythons
  3 bat skeletons (D:3)
  A bat zombie (D:3)
  9 giant cockroaches
  5 hobgoblins
  4 jackals (D:3)
  5 kobolds
  3 quokkas (D:3)
  21 bats
  A bat simulacrum (D:3)
  11 frilled lizards
  6 goblins
  A jackal zombie (D:8)
  4 rats
245 creatures vanquished.

Notes
Turn   | Place    | Note
-------+----------+-------------------------------------------
     0 | D:1      | BarneyGumball the Deep Dwarf Fighter began the quest for the Orb.
     0 | D:1      | Reached XP level 1. HP: 20/20 MP: 1/1
   210 | D:1      | Reached skill level 3 in Axes
   283 | D:1      | Reached XP level 2. HP: 25/27 MP: 2/2
   979 | D:2      | Found a glowing silver altar of Zin.
  1055 | D:2      | Reached XP level 3. HP: 31/33 MP: 3/3
  1145 | D:2      | Reached skill level 4 in Axes
  2049 | D:3      | Reached XP level 4. HP: 27/40 MP: 4/4
  2071 | D:3      | Reached skill level 5 in Axes
  2123 | D:3      | Reached skill level 6 in Axes
  2123 | D:3      | Reached XP level 5. HP: 31/46 MP: 5/5
  2426 | D:4      | Found a staircase to the Ecumenical Temple.
  2435 | Temple   | Entered the Ecumenical Temple
  2596 | D:4      | Noticed Grinder
  2629 | D:4      | Paralysed by Grinder for 4 turns
  2642 | D:4      | Killed Grinder
  2642 | D:4      | Reached skill level 7 in Axes
  2642 | D:4      | Reached XP level 6. HP: 36/55 MP: 6/6
  2708 | D:4      | Found a stormy altar of Qazlal.
  2721 | D:4      | Noticed Blork the orc
  2725 | D:4      | Killed Blork the orc
  2747 | D:4      | Reached XP level 7. HP: 29/61 MP: 7/7
  2760 | D:4      | Got a slimy robe
  2898 | D:4      | Reached skill level 8 in Axes
  2937 | D:4      | Found a glowing drain.
  2965 | Sewer    | Entered a sewer
  3027 | Sewer    | Noticed Purgy
  3035 | Sewer    | Killed Purgy
  3416 | D:4      | Identified the cursed +1 robe "Byprasil" {Dex+6} (You found it on level 4 of the Dungeon)
  3454 | D:5      | Entered Level 5 of the Dungeon
  3477 | D:4      | Reached skill level 9 in Axes
  3722 | D:5      | Found a snail-covered altar of Cheibriados.
  3785 | D:5      | Reached XP level 8. HP: 51/68 MP: 7/7
  3844 | D:5      | Noticed Ijyb
  3855 | D:5      | Killed Ijyb
  4008 | D:5      | Reached skill level 5 in Dodging
  4117 | D:5      | Found an iron altar of Okawaru.
  4118 | D:5      | Found a snail-covered altar of Cheibriados.
  4180 | D:5      | Got a crystal battleaxe
  4309 | D:6      | Reached skill level 10 in Axes
  4566 | D:6      | Noticed Menkaure
  4578 | D:6      | Killed Menkaure
  4578 | D:6      | Reached skill level 11 in Axes
  4836 | D:7      | Gained mutation: You passively map the area around you. [Deep Dwarf growth]
  4836 | D:7      | Reached XP level 9. HP: 40/74 MP: 8/8
  5008 | D:7      | Reached skill level 12 in Axes
  5431 | D:7      | Reached skill level 5 in Armour
  5445 | D:7      | Found a radiant altar of Vehumet.
  5446 | D:7      | Found a burning altar of Makhleb.
  5456 | D:7      | Became a worshipper of Makhleb the Destroyer
  5764 | D:8      | Found Jaychen's Armour Shoppe.
  5785 | D:8      | Got a pitted gossamer ring
  5844 | D:8      | Identified the ring "Sathruli" {rF+ Int+3 Dex+2} (You found it on level 8 of the Dungeon)
  6062 | D:8      | Reached * piety under Makhleb
  6062 | D:8      | Reached skill level 13 in Axes
  6137 | D:8      | Noticed a two-headed ogre
  6177 | D:9      | Noticed Caerwyn's ghost (novice DsTm)
  6189 | D:9      | Reached XP level 10. HP: 64/81 MP: 5/5
  6210 | D:9      | Killed Caerwyn's ghost
  6542 | D:9      | Noticed a centaur warrior
  6551 | D:9      | Noticed a flayed ghost
  6552 | D:9      | Noticed a deep elf archer
  6553 | D:9      | Noticed a manticore
  6576 | D:8      | Killed a two-headed ogre
  6576 | D:8      | Reached skill level 14 in Axes
  6953 | D:8      | Noticed a two-headed ogre
  6966 | D:8      | Killed a two-headed ogre
  7158 | D:9      | Killed a centaur warrior
  7158 | D:9      | Reached ** piety under Makhleb
  7158 | D:9      | Reached skill level 15 in Axes
  7163 | D:9      | Reached XP level 11. HP: 83/88 MP: 2/2
  7225 | D:9      | Killed a deep elf archer
  7272 | D:9      | Killed a flayed ghost
  7316 | D:9      | Got a smoking jade ring
  7321 | D:9      | Identified the cursed ring of Deoph {Str-3 Slay+6} (You found it on level 9 of the Dungeon)
  7338 | D:10     | Entered Level 10 of the Dungeon
  7338 | D:10     | Noticed a two-headed ogre
  7359 | D:10     | Killed a two-headed ogre
  7359 | D:10     | Reached skill level 16 in Axes
  7413 | D:10     | Found a hide-covered altar of Uskayaw.
  7571 | D:10     | Found a staircase to the Orcish Mines.
  7584 | D:10     | Noticed a two-headed ogre
  7600 | D:10     | Mangled by a two-headed ogre

Skill      XL: |  1  2  3  4  5  6  7  8  9 10 11 |
---------------+----------------------------------+-----
Axes           | 3 4 6 7 9 11 13 15 16 | 16.2
Dodging        | 2 3 4 6 |  6.2
Armour         | 6 7 |  7.9
Fighting       | |  2.6
Shields        | |  3.2

Action                   |  1- 3 |  4- 6 |  7- 9 | 10-12 || total
-------------------------+-------+-------+-------+-------++-------
Melee: War axe           |   154 |   118 |   491 |   214 ||   977
 Abil: Heal Wounds       |       |     2 |    11 |     8 ||    21
  Use: Scroll            |       |       |    11 |     6 ||    17
       Potion            |       |       |       |     7 ||     7
  Eat: Chunk             |     3 |     3 |    12 |     5 ||    23
Armor: Scale mail        |    74 |    84 |    42 |       ||   200
       Ring mail         |       |       |    88 |    39 ||   127
Dodge: Dodged            |    56 |    48 |   150 |    87 ||   341
Block: Shield            |    99 |    82 |   187 |    98 ||   466
